 Dungeon Crawl Stone Soup version 0.32-a0-290-g598725c5f2 (webtiles) character file.

Game seed: 2139206952114566672

485494 Esekla the Sorcerer (level 24, -18/170 HPs)
             Began as an Octopode Delver on Feb 9, 2024.
             Was an Initiate of Gozag.
             Demolished by a rockslime (21 damage)
             ... on level 2 of the Pits of Slime on Feb 13, 2024.
             The game lasted 12:01:24 (76320 turns).

Esekla the Sorcerer (Octopode Delver)              Turns: 76320, Time: 12:01:24

Health: -18/170    AC: 16    Str: 12    XL:     24   Next: 94%
Magic:  76/77      EV: 24    Int: 36    God:    Gozag
Gold:   7387       SH: 11    Dex: 18    Spells: 7/68 levels left

rFire   + . .        s - +2 dagger (pain)
rCold   + + .        S - +0 buckler
rNeg    . . .        x - +3 hat of Pondering {ponderous, Will+ MP+10 Int+5}
rPois   +            j - amulet of reflection
rElec   +            X - ring "Docvylodd" {rPois rC++ rCorr MP+9 Dex-2}
rCorr   +            T - ring of Terghoev {rPois AC+4 SInv}
SInv    +            L - +4 ring of protection
Will    ++...        P - ring of the Charmed God {MP+9 Int+3 Dex+3}
Stlth   +++++++      v - ring of Sloth {rElec rF+}
HPRegen 0.48/turn    e - +4 ring of slaying
MPRegen 0.45/turn    H - +4 ring of protection
                     O - ring "Ufyibu" {rCorr Int+6 Dex+3}

%: reflection
@: about to teleport, gold aura, studying Throwing, slow
A: almost no armour, amphibious, 8 rings, camouflage 1, gelatinous body 1,
(nimble swimmer 1), tentacles
}: 2/15 runes: barnacled, gossamer
a: Renounce Religion, Potion Petition, Call Merchant, Bribe Branch


You were on level 2 of the Pits of Slime.
You worshipped Gozag.
Gozag was greatly pleased with you.
You visited 11 branches of the dungeon, and saw 46 of its levels.
You also visited: Volcano.

You collected 24002 gold pieces.
You spent 7313 gold pieces at shops.
You paid 9302 gold pieces to Gozag.

Inventory:

Hand Weapons
 a - a +4 falchion of electrocution
 f - a +6 long sword of flaming
 g - a +5 long sword of protection
 r - the +8 trident of Hikhlumiz {flame, Fly rF+ Int+6}
   (You bought it in a shop on level 15 of the Dungeon)

   Int+6:     It affects your intelligence (+6).
   rF+:       It protects you from fire.
   Fly:       It grants you flight.
 s - a +2 dagger of pain (weapon)
Missiles
 m - 46 poisoned darts
 n - 27 boomerangs (quivered)
 D - 12 curare-tipped darts
Armour
 x - the +3 hat of Pondering (worn) {ponderous, Will+ MP+10 Int+5}
   (You took it off Gastronok on level 1 of the Lair of Beasts)

   Int+5:     It affects your intelligence (+5).
   Will+:     It increases your willpower.
   MP+10:     It affects your magic capacity (+10).
 S - a +0 buckler (worn)
Magical Staves
 d - a staff of death
Jewellery
 e - a +4 ring of slaying (on tentacle)
 j - an amulet of reflection (around mantle)
 t - an amulet of magic regeneration
 v - the ring of Sloth (on tentacle) {rElec rF+}
   (You found it on level 3 of the Elven Halls)

   [ring of protection from fire]

   rF+:       It protects you from fire.
   rElec:     It insulates you from electricity.
 w - the ring "Sixolor" {MP+9 Str-2 Dex+9}
   (You took it off a centaur on level 12 of the Dungeon)

   [ring of magical power]

   Str-2:     It affects your strength (-2).
   Dex+9:     It affects your dexterity (+9).
   MP+9:      It affects your magic capacity (+9).
 z - a ring of wizardry
 H - a +4 ring of protection (on tentacle)
 I - a ring of protection from fire
 K - a ring of wizardry
 L - a +4 ring of protection (on tentacle)
 O - the ring "Ufyibu" (on tentacle) {rCorr Int+6 Dex+3}
   (You bought it in a shop on level 9 of the Dungeon)

   [ring of intelligence]

   Int+6:     It affects your intelligence (+6).
   Dex+3:     It affects your dexterity (+3).
   rCorr:     It protects you from acid and corrosion.
 P - the ring of the Charmed God (on tentacle) {MP+9 Int+3 Dex+3}
   (You bought it in a shop on level 5 of the Lair of Beasts)

   [ring of magical power]

   Int+3:     It affects your intelligence (+3).
   Dex+3:     It affects your dexterity (+3).
   MP+9:      It affects your magic capacity (+9).
 T - the ring of Terghoev (right tentacle) {rPois AC+4 SInv}
   (You bought it in a shop on level 15 of the Dungeon)

   [ring of protection]

   AC+4:      It affects your AC (+4).
   rPois:     It protects you from poison SInv: It lets you see invisible.
 X - the ring "Docvylodd" (left tentacle) {rPois rC++ rCorr MP+9 Dex-2}
   (You found it on level 2 of the Depths)

   [ring of magical power]

   Dex-2:     It affects your dexterity (-2).
   rC++:      It greatly protects you from cold.
   rPois:     It protects you from poison MP+9: It affects your magic capacity
   (+9).
   rCorr:     It protects you from acid and corrosion.
 Z - the amulet "Wyofeg" {Reflect Rampage rF- rC+ MP+9 SH+5}
   (You found it on level 2 of the Depths)

   [amulet of reflection]

   Reflect:   It reflects blocked missile attacks.
   rF-:       It makes you vulnerable to fire.
   rC+:       It protects you from cold.
   MP+9:      It affects your magic capacity (+9).
   SH+5:      It affects your SH (+5).
   Rampage:   It bestows one free step when moving towards enemies.
Wands
 c - a wand of digging (30)
 J - a wand of mindburst (5)
 M - a wand of flame (16)
 R - a wand of iceblast (26)
 V - a wand of quicksilver (6)
Scrolls
 b - 6 scrolls of fog
 l - 4 scrolls of poison
 u - 9 scrolls of teleportation
 y - 3 scrolls of silence
 E - 6 scrolls of blinking
 U - 10 scrolls of revelation
Potions
 h - 9 potions of ambrosia
 i - 5 potions of berserk rage
 k - 4 potions of magic
 o - 4 potions of curing
 p - 2 potions of heal wounds
 q - 3 potions of resistance
 B - 6 potions of enlightenment
 C - 9 potions of might
 F - 11 potions of brilliance
 G - 5 potions of haste
 Q - 4 potions of attraction
 W - a potion of cancellation
 Y - 2 potions of invisibility


   Skills:
 - Level 15.4 Fighting
 + Level 5.5(7.8) Short Blades
 + Level 8.7(9.4) Long Blades
 + Level 6.3 Throwing
 + Level 17.7 Dodging
 + Level 15.1 Stealth
 - Level 5.1 Shields
 * Level 22.7 Spellcasting
 + Level 7.3 Conjurations
 + Level 14.1 Necromancy
 + Level 8.0 Translocations
 + Level 8.2 Fire Magic
 - Level 13.0 Ice Magic
 * Level 12.8 Air Magic
 * Level 11.3 Earth Magic
 - Level 9.1 Alchemy
 + Level 1.3 Evocations


You had 7 spell levels left.
You knew the following spells:

 Your Spells              Type           Power      Damage    Failure   Level
a - Ozocubu's Armour      Ice            94%        N/A       0%          3
b - Blink                 Tloc           100%       N/A       1%          2
c - Mephitic Cloud        Conj/Alch/Air  84%        N/A       1%          3
d - Vampiric Draining     Necr           97%        2d12      0%          3
e - Iskenderun's Mystic   Conj/Tloc      77%        2d15      1%          4
g - Ozocubu's Refrigerat  Ice            47%        4d17      3%          7
i - Irradiate             Conj/Alch      39%        3d24      1%          5
l - Lee's Rapid Deconstr  Erth           44%        3d21*     1%          5
n - Ignite Poison         Fire/Alch      80%        N/A       1%          4
o - Scorch                Fire           100%       2d9       1%          2
p - Apportation           Tloc           100%       N/A       1%          1
u - Dispel Undead         Necr           97%        3d30      1%          4
v - Mercury Vapours       Alch/Air       100%       N/A       0%          2
w - Fugue of the Fallen   Necr           97%        N/A       0%          3
x - Olgreb's Toxic Radia  Alch           82%        N/A       1%          4
y - Sticky Flame          Fire/Alch      80%        2d12      1%          4
z - Freezing Cloud        Conj/Ice/Air   44%        6-21      1%          5

Your spell library contained the following spells:

 Spells                   Type           Power      Damage    Failure   Level
 Kiss of Death            Conj/Necr      100%       2d13      0%          1
 Necrotise                Necr           100%       1d9       0%          1
 Shock                    Conj/Air       100%       1d9       0%          1
 Cigotuvi's Dreadful Rot  Necr/Alch/Air  100%       N/A       0%          2
 Sublimation of Blood     Necr           97%        N/A       0%          2
 Swiftness                Air            93%        N/A       0%          3
 Foxfire                  Conj/Fire      100%       2x1d9     1%          1
 Magic Dart               Conj           100%       1d8       1%          1
 Slow                     Hex            100%       N/A       1%          1
 Sting                    Conj/Alch      100%       1d9       1%          1
 Summon Small Mammal      Summ           100%       N/A       1%          1
 Call Imp                 Summ           80%        N/A       1%          2
 Ensorcelled Hibernation  Hex/Ice        100%       N/A       1%          2
 Jinxbite                 Hex            80%        N/A       1%          2
 Lesser Beckoning         Tloc           100%       N/A       1%          2
 Dazzling Flash           Conj/Hex       100%       N/A       1%          3
 Gell's Gravitas          Tloc           78%        N/A       1%          3
 Inner Flame              Hex/Fire       63%        N/A       1%          3
 Passwall                 Erth           89%        N/A       1%          3
 Stone Arrow              Conj/Erth      100%       3d13      1%          3
 Summon Ice Beast         Ice/Summ       73%        N/A       1%          3
 Teleport Other           Tloc           78%        N/A       1%          3
 Volatile Blastmotes      Fire/Tloc      100%       2d18      1%          3
 Airstrike                Air            46%        2d(7-23)  1%          4
 Anguish                  Hex/Necr       37%        N/A       1%          4
 Brom's Barrelling Bould  Conj/Erth      83%        2d9       1%          4
 Dimensional Bullseye     Hex/Tloc       31%        N/A       1%          4
 Flame Wave               Conj/Fire      77%        2d17      1%          4
 Fulminant Prism          Conj/Alch      39%        3d17      1%          4
 Leda's Liquefaction      Alch/Erth      42%        N/A       1%          4
 Manifold Assault         Tloc           78%        N/A       1%          4
 Martyr's Knell           Necr/Summ      75%        N/A       1%          4
 Passage of Golubria      Tloc           78%        N/A       1%          4
 Petrify                  Alch/Erth      85%        N/A       1%          4
 Summon Blazeheart Golem  Fire/Summ      63%        N/A       1%          4
 Summon Lightning Spire   Summ/Air       72%        N/A       1%          4
 Vhi's Electric Charge    Tloc/Air       100%       N/A       1%          4
 Arcjolt                  Conj/Air       42%        1d52      1%          5
 Curse of Agony           Necr           97%        N/A       1%          5
 Fireball                 Conj/Fire      38%        3d16      1%          5
 Iskenderun's Battlesphe  Conj           76%        2d12      1%          5
 Metabolic Englaciation   Hex/Ice        36%        N/A       1%          5
 Silence                  Hex/Air        36%        N/A       1%          5
 Conjure Ball Lightning   Conj/Air       42%        3x3d15    1%          6
 Death Channel            Necr           48%        N/A       1%          6
 Plasma Beam              Fire/Air       43%        2x1d57    1%          6
 Sculpt Simulacrum        Ice/Alch       44%        N/A       1%          6
 Call Canine Familiar     Summ           40%        N/A       2%          3
 Confusing Touch          Hex            40%        N/A       2%          3
 Sigil of Binding         Hex            40%        N/A       2%          3
 Tukima's Dance           Hex            40%        N/A       2%          3
 Bombard                  Conj/Erth      41%        9d7       2%          6
 Yara's Violent Unravell  Hex/Alch       32%        3d13      3%          5
 Eringya's Noxious Bog    Alch           41%        4d6       3%          6
 Summon Forest            Summ/Tloc      31%        N/A       4%          5
 Dispersal                Tloc           39%        N/A       4%          6
 Starburst                Conj/Fire      38%        6d11      4%          6
 Summon Mana Viper        Hex/Summ       40%        N/A       22%         5
 Orb of Destruction       Conj           38%        9d11      34%         7
 Haunt                    Necr/Summ      37%        N/A       36%         7
 Summon Cactus Giant      Summ           20%        N/A       77%         6
 Spellforged Servitor     Conj/Summ      30%        N/A       83%         7
 Enfeeble                 Hex            20%        N/A       100%        7
 Monstrous Menagerie      Summ           20%        N/A       100%        7
 Summon Hydra             Summ           20%        N/A       100%        7
 Borgnjor's Revivificati  Necr           48%        N/A       17%         8
 Infestation              Necr           48%        N/A       17%         8
 Maxwell's Capacitive Co  Air            46%        ∞         28%         8
 Lehudib's Crystal Spear  Conj/Erth      41%        10d10     75%         8
 Ignition                 Fire           39%        3d12      88%         8
 Discord                  Hex            20%        N/A       100%        8
 Summon Horrible Things   Summ           20%        N/A       100%        8
 Animate Armour           Summ/Erth      Unusable   N/A       N/A         4
 Animate Dead             Necr           Unusable   N/A       N/A         4

Dungeon Overview and Level Annotations

Branches:
Dungeon (15/15)            Temple (1/1) D:5            Lair (5/5) D:8
 Shoals (4/4) Lair:2       Spider (4/4) Lair:2        Slime (2/5) Lair:5
    Orc (2/2) D:9             Elf (3/3) Orc:2        Vaults (4/5) D:13
  Crypt (3/3) Vaults:3       Tomb (0/3) Crypt:3      Depths (3/4) D:15
Volcano (visited)

Altars:
Ashenzari
Cheibriados
Dithmenos
Elyvilon
Fedhas
Gozag
Hepliaklqana
Kikubaaqudgha
Makhleb
Nemelex Xobeh
Okawaru
Qazlal
Ru
Sif Muna
Trog
Uskayaw
Vehumet
Wu Jian
Xom
Yredelemnul
Zin
The Shining One
Beogh
Jiyva
Lugonu

Shops:
D:5 [?   D:8 :[   D:9 :=   D:15 (=*[   Orc:2 ??(:   Elf:3 !   Lair:5 =
Shoals:3 [   Vaults:3 [   Depths:2 [

Portals:
Hell: Depths:1 Depths:2 Depths:3
Abyss: Lair:5 Depths:3
Pandemonium: Orc:2 Depths:2
Ziggurat: Depths:2

Annotations:
D:6 2 headed ogre and many gnolls
Spider:4 3 runed translucent doors, Neisk's ghost, adept MiBe
Depths:1 1 runed translucent door, Nenuxulire's ghost, veteran GnWn


Innate Abilities, Weirdness & Mutations

You cannot wear most types of armour.
You are amphibious.
You can wear up to eight rings at the same time.
Your skin changes colour to match your surroundings (Stealth+).
Your rubbery body absorbs attacks. (AC +1, EV +1)
((You are camouflaged when in or above water. (Stealth+)))
You have tentacles for arms and can constrict up to eight enemies at once.


Message History

A rockslime comes into view.
A glass eye comes into view.
Found a stone staircase leading down.
A rockslime comes into view.
Your +5 long sword of protection goes still.
A searing pain shoots up your tentacle!
s - a +2 dagger of pain (weapon)
The helpless glass eye fails to defend itself.
You stick the glass eye like a pincushion!!!!
You kill the glass eye!
The rockslime quivers.
You block the rockslime's attack.
You see here 6 gold pieces.
The rockslime attacks as it pursues you!
The rockslime hits you!!!
You stumble backwards!
The rockslime hits you!!
You hold your ground!
The rockslime quivers.
You hit the rockslime.
The rockslime writhes in agony.
You squeeze the rockslime.
The rockslime is moderately wounded.
The rockslime closely misses you. You block the rockslime's attack.
The rockslime closely misses you. The rockslime misses you.
The rockslime hits you!!
You stumble backwards!
As you read the scroll of teleportation, it crumbles to dust.
You feel strangely unstable. The rockslime closely misses you.
The rockslime hits you!!!
* * * LOW HITPOINT WARNING * * *
You stumble backwards!
Casting: Apportation (safe; 1% risk of failure)
Confirm with . or Enter, or press ? or * to list all spells.
You blink.
Acid dripping from the walls corrodes you.
You feel ready to blink again. The rockslime hits you!!!
* * * LOW HITPOINT WARNING * * *
You stumble backwards!
An acid blob comes into view.
The rockslime hits you!!
You die...
Your body crumbles into a pile of gold.

.#... ......#
....##.J......
#...#........... ###
#^..............##.##
##.............# #...
##....#.........## #.###
#...........>..#.###....
.......@..........#.....
........J...............
....#.#.................
#.. ####.JJ..$.......##.
# #.........#...###.
#.#...§...##.####..
#........###... #...
##.#.#...#..#.###...
#.#.........##.....


You could see an acid blob (wandering) and 3 rockslimes.

Vanquished Creatures
  A dread lich (Crypt:2)
  Mara (Vaults:2)
  Xtahua (Vaults:3)
  Bai Suzhen (Depths:1)
  Saint Roka (Orc:2)
  Norris (Vaults:2)
  A profane servitor (Crypt:3)
  2 bone dragons
  4 tentacled monstrosities
  Mlioglotl (Shoals:1)
  4 deep elf blademasters
  3 liches (Depths:3)
  A titan (Vaults:4)
  A quicksilver dragon (Depths:3)
  3 sphinxes
  A walking frostbound tome (Depths:3)
  Polyphemus (Shoals:2)
  2 deep elf master archers (Elf:3)
  An acid blob (Slime:1)
  3 ancient champions
  Aizul (Shoals:1)
  2 krakens
  Kirke (D:12)
  Gastronok (Lair:1)
  3 tengu reavers
  3 revenants
  2 rockslimes (Slime:1)
  A shadow dragon (Depths:3)
  2 fire giants
  An iron dragon (Depths:3)
  7 emperor scorpions
  6 vault wardens
  A ghost moth (Spider:2)
  2 deep elf elementalists (Elf:3)
  2 caustic shrike zombies
  Louise (Shoals:1)
  3 frost giants
  4 spectral caustic shrikes (Depths:2)
  6 deep elf sorcerers (Elf:3)
  A juggernaut zombie (Crypt:3)
  3 curse skulls
  2 orc warlords
  9 ghouls (Crypt:3)
  13 very ugly things
  11 ironbound preservers
  A caustic shrike skeleton (Crypt:1)
  A spriggan defender (Depths:3)
  13 stone giants
  11 ironbound thunderhulks
  3 broodmothers (Spider:1)
  A formless jellyfish (Shoals:3)
  6 vampire knights
  8 dire elephants
  3 deep elf demonologists (Elf:3)
  A red draconian (Volcano)
  The ghost of Viapecw the Grappler, a journeyman TrBe of Trog (Lair:3)
  2 war gargoyles
  6 deep elf annihilators (Elf:3)
  13 spark wasps
  2 crystal guardians
  6 eidola
  2 ettins (Depths:3)
  4 fire dragons
  9 jiangshi (Depths:2)
  10 merfolk impalers
  A mummy priest (Crypt:3)
  6 entropy weavers
  Josephine (Orc:2)
  2 merfolk javelineers (Shoals:4)
  5 yaktaur captains
  2 deep elf high priests (Elf:3)
  3 rakshasas
  4 spriggan zombies
  8 great orbs of eyes
  Fannar (Lair:2)
  A hell beast (Depths:3)
  4 hydras
  3 ice dragons
  A merfolk avatar (Shoals:4)
  5 vault guards
  A demonspawn (Orc:2)
  A salamander tyrant (Depths:3)
  3 catoblepae
  An ogre mage (D:15)
  10 ironbound frosthearts
  A juggernaut simulacrum (Crypt:2)
  4 peacekeepers
  3 radroaches
  3 spriggan air magi
  5 centaur warriors
  6 two-headed ogres
  10 boulder beetles
  26 dancing weapons
  4 deep troll shamans
  3 jorogumos (Spider:4)
  4 merfolk aquamancers
  3 tengu warriors
  6 death knights
  4 death yaks
  A two-headed ogre (shapeshifter) (Elf:1)
  An alligator snapping turtle (Shoals:2)
  10 orc high priests
  4 deep troll earth magi
  3 satyrs
  A titan zombie (Crypt:2)
  An occultist (Depths:3)
  4 spriggan berserkers
  Urug (Orc:2)
  7 vampire magi
  10 demonic crawlers
  23 deep elf knights
  A storm dragon zombie (Depths:2)
  4 thrashing horrors (Lair:5)
  4 hell knights (Depths:3)
  3 iron trolls
  A soul eater (Crypt:2)
  A titan skeleton (Depths:2)
  10 pharaoh ants
  Amaemon (Lair:1)
  A bunyip zombie (Crypt:3)
  3 shadow wraiths (Crypt:2)
  A fire crab (shapeshifter) (Lair:5)
  29 skeletal warriors
  46 deep trolls
  A golden dragon zombie (Crypt:1)
  A ghost moth zombie (Crypt:1)
  9 sea snakes
  2 anaconda zombies (Crypt:3)
  7 skysharks
  8 glowing orange brains
  An obsidian statue (Spider:1)
  12 flayed ghosts
  4 sun moths
  A bunyip skeleton (Crypt:2)
  An orb spider (shapeshifter) (Elf:1)
  11 arcanists
  An orange crystal statue (Vaults:2)
  13 ironbound convokers
  16 orb spiders
  A harpy (shapeshifter) (Lair:5)
  12 deep elf archers
  22 lindwurms
  27 phantasmal warriors
  22 deep elf zephyrmancers
  20 harpies
  27 deep elf pyromancers
  12 orc knights
  3 wolf spider zombies (D:15)
  42 ugly things
  A shining eye (shapeshifter) (Depths:1)
  A spriggan simulacrum (Crypt:2)
  4 steelbarb worms
  6 necromancers
  13 fauns
  A jorogumo zombie (Crypt:1)
  A large abomination (Lair:5)
  30 wolf spiders
  11 manticores
  4 orc sorcerers
  A shadow dragon skeleton (Crypt:2)
  8 cyclopes
  7 merfolk sirens
  Joseph (D:9)
  A dire elephant zombie (Crypt:3)
  5 meliai
  2 moths of wrath
  9 elephants (Lair:5)
  3 black mambas
  An eye of devastation (Slime:2)
  12 vault sentinels
  2 fire giant skeletons (Depths:1)
  A naga zombie (Crypt:3)
  An eleionoma skeleton (Crypt:2)
  An eye of devastation (shapeshifter) (Elf:1)
  5 torpor snails
  An alligator snapping turtle zombie (Crypt:3)
  8 centaur zombies
  5 smoke demons
  9 cane toads
  2 gargoyles (Volcano)
  A cane toad (shapeshifter) (D:14)
  5 water nymphs
  8 centaur skeletons (D:15)
  3 unseen horrors
  2 orange demons
  A catoblepas zombie (Crypt:1)
  2 rime drakes
  24 yaktaurs
  16 komodo dragons
  A redback zombie (D:15)
  10 freezing wraiths
  An efreet (D:14)
  A harpy zombie (Crypt:3)
  2 guardian mummies (Crypt:3)
  A tengu conjurer (D:14)
  3 red devils (D:9)
  Psyche (D:9)
  A queen bee (Lair:2)
  11 trolls
  8 wind drakes
  2 polar bears (Lair:5)
  27 merfolk
  A hydra zombie (Crypt:3)
  35 tarantellas
  3 hornets
  A raiju (shapeshifter) (Elf:1)
  A harpy skeleton (Crypt:1)
  Prince Ribbit (Lair:1)
  A meliai zombie (D:15)
  2 raiju (Lair:5)
  16 blink frogs
  16 dream sheep
  4 glass eyes
  2 snapping turtles
  A spriggan (shapeshifter) (Elf:2)
  58 slime creatures
  5 spriggans
  2 air elementals
  2 shadows
  2 ynoxinuls
  19 culicivoras
  2 fire elementals
  38 jumping spiders
  17 water elementals
  A yak (shapeshifter) (D:13)
  2 fire bats (Volcano)
  7 wraiths
  3 wyverns
  6 basilisks
  2 spriggan skeletons
  A basilisk (shapeshifter) (Elf:2)
  A human (D:12)
  77 yaks
  Grum (D:8)
  5 golden eyes
  A hog (D:12)
  A steam dragon (D:5)
  9 vampire mosquitoes
  5 wargs
  51 redbacks
  A chaos spawn (Lair:5)
  A neqoxec (Orc:2)
  2 acid dragons
  15 water moccasins
  A two-headed ogre skeleton (Crypt:1)
  An ogre skeleton (Vaults:1)
  2 glowing shapeshifter zombies (Crypt:2)
  A swamp drake (Lair:2)
  31 orc warriors
  A demonspawn skeleton (Crypt:2)
  A glowing shapeshifter skeleton (Depths:2)
  An ice beast (D:6)
  2 sky beasts
  An ettin simulacrum (Depths:1)
  11 laughing skulls
  2 human skeletons (Vaults:1)
  31 wolves
  A blink frog zombie (Crypt:1)
  15 ogres
  16 centaurs
  2 phantoms
  3 kobold brigands (D:9)
  Blork the orc (D:6)
  15 bullfrogs
  3 scorpions
  13 necrophages (Crypt:3)
  3 gnoll sergeants (D:9)
  2 earth elementals
  7 small abominations (Lair:5)
  A warg skeleton (Crypt:2)
  11 wights (D:9)
  7 wyvern skeletons (Crypt:3)
  30 killer bees
  16 electric eels
  6 howler monkeys
  A crimson imp (D:10)
  6 lava snakes
  A wolf skeleton (Crypt:1)
  A human zombie (Crypt:1)
  24 orc priests
  6 jellies
  Crazy Yiuf (D:2)
  A gnoll bouda (D:9)
  2 hounds (D:6)
  A boggart zombie (D:15)
  13 iguanas
  15 orc wizards
  7 hell rats (Lair:5)
  A mummy (Crypt:3)
  14 gnolls
  A swamp drake zombie (Crypt:1)
  7 adders
  2 white imps
  2 ufetubi (D:6)
  An iguana zombie (Crypt:2)
  A ribbon worm (D:5)
  2 dart slugs (D:4)
  62 orcs
  8 bats
  5 endoplasms
  4 giant cockroaches
  6 goblins
  3 hobgoblins (D:1)
  8 jackals
  5 quokkas
  7 ball pythons
  19 frilled lizards
  A jackal skeleton (D:4)
  5 kobolds
  3 rats
  4 tentacles
2014 creatures vanquished.

Vanquished Creatures (collateral kills)
  An ironbound preserver (Vaults:3)
  A killer bee (Lair:2)
2 creatures vanquished.

Vanquished Creatures (others)
  A deep elf knight (Elf:1)
  A cyclops (Shoals:4)
  2 humans
  A phantom (D:4)
  A hobgoblin (D:4)
  5 tentacles
11 creatures vanquished.

Grand Total: 2027 creatures vanquished

Notes
Turn   | Place    | Note
-------+----------+-------------------------------------------
     0 | D:5      | Esekla the Octopode Delver began the quest for the Orb.
     0 | D:5      | Reached XP level 1. HP: 16/16 MP: 1/1
    66 | D:5      | Found a staircase to the Ecumenical Temple.
    67 | D:5      | Noticed a water moccasin
    82 | Temple   | Entered the Ecumenical Temple
    94 | Temple   | Became a worshipper of Gozag Ym Sagoz the Greedy
   121 | D:5      | Reached XP level 2. HP: 20/21 MP: 2/2
   133 | D:5      | Found Tovvegav's Antique Armour Boutique.
   153 | D:5      | Noticed a centaur
   234 | D:4      | Noticed a phantom
   301 | D:3      | Found a shimmering blue altar of Sif Muna.
   301 | D:3      | Found a shadowy altar of Dithmenos.
   301 | D:3      | Found a blossoming altar of Fedhas.
   334 | D:3      | Found a hide-covered altar of Uskayaw.
   429 | D:2      | Reached XP level 3. HP: 26/26 MP: 3/3
   583 | D:2      | Identified the +1 cloak "Quriuff" {+Blink}
   747 | D:1      | Reached skill level 1 in Spellcasting
   817 | D:1      | Got the Excursus on Toxicity
  1022 | D:1      | Reached XP level 4. HP: 31/31 MP: 5/5
  1677 | D:2      | Identified the +2 leather armour of Ezuxkyco {Regen+ Str+3
                  | Dex+3}
  2068 | D:2      | Found a runed translucent door.
  2069 | D:2      | Noticed Crazy Yiuf
  2143 | D:2      | Killed Crazy Yiuf
  2144 | D:2      | Reached skill level 1 in Conjurations
  2144 | D:2      | Reached XP level 5. HP: 36/36 MP: 6/6
  2266 | D:3      | Learned a level 1 spell: Apportation
  2671 | D:3      | Reached skill level 2 in Spellcasting
  2795 | D:3      | Reached skill level 1 in Air Magic
  2795 | D:3      | Reached XP level 6. HP: 30/42 MP: 9/9
  2919 | D:3      | Learned a level 4 spell: Ignite Poison
  2923 | D:3      | Learned a level 3 spell: Mephitic Cloud
  2955 | D:4      | Found a runed translucent door.
  2955 | D:4      | Noticed a human
  2969 | D:4      | Found a basalt altar of Yredelemnul.
  3051 | D:4      | Reached skill level 1 in Alchemy
  3072 | D:4      | Killed a human
  3152 | D:4      | Reached skill level 1 in Short Blades
  3412 | D:4      | Found a snail-covered altar of Cheibriados.
  3481 | D:4      | Found a broken altar of Ashenzari.
  3684 | D:5      | Reached XP level 7. HP: 47/47 MP: 10/10
  3864 | D:5      | Noticed a steam dragon
  3865 | D:5      | Killed a steam dragon
  3866 | D:5      | Reached skill level 1 in Shields
  3877 | D:5      | Learned a level 3 spell: Ozocubu's Armour
  3941 | D:5      | Reached XP level 8. HP: 29/54 MP: 12/12
  4000 | D:5      | Found an ornate altar of the Wu Jian Council.
  4436 | D:5      | Bought a scroll of teleportation for 48 gold pieces
  4436 | D:5      | Bought a scroll of identify for 32 gold pieces
  4436 | D:5      | Bought a scroll of identify for 32 gold pieces
  4462 | D:5      | Reached skill level 3 in Spellcasting
  4570 | D:6      | Noticed Blork the orc
  4570 | D:6      | Noticed a two-headed ogre
  4573 | D:6      | Killed Blork the orc
  4747 | D:6      | Reached skill level 1 in Ice Magic
  4904 | D:6      | Identified the +0 leather armour of Proximity {rC+ Regen+
                  | Str+2}
  5466 | D:6      | Found a sacrificial altar of Ru.
  5516 | D:6      | Found an ancient bone altar of Kikubaaqudgha.
  5529 | D:6      | Reached skill level 10 in Stealth
  5788 | D:6      | Reached XP level 9. HP: 55/59 MP: 10/14
  6569 | D:7      | Found an iron altar of Okawaru.
  6569 | D:7      | Found a hazy altar of Hepliaklqana.
  6611 | D:8      | Found a shimmering altar of Xom.
  6772 | D:8      | Found Wuatror's Antique Armour Shoppe.
  6783 | D:8      | Reached skill level 4 in Spellcasting
  7031 | D:8      | Reached skill level 1 in Throwing
  7184 | D:8      | Found a staircase to the Lair.
  7240 | D:8      | Noticed a two-headed ogre
  7275 | D:8      | Killed a two-headed ogre
  7276 | D:8      | Reached skill level 5 in Fighting
  7276 | D:8      | Reached skill level 5 in Dodging
  7276 | D:8      | Reached skill level 1 in Fire Magic
  7276 | D:8      | Reached XP level 10. HP: 35/66 MP: 5/16
  7425 | D:8      | Found a burning altar of Makhleb.
  7596 | D:8      | Noticed Grum
  7600 | D:8      | Killed Grum
  7635 | D:8      | Learned a level 4 spell: Iskenderun's Mystic Blast
  7701 | D:5      | Bought a buckler for 76 gold pieces
  7795 | Lair:1   | Entered Level 1 of the Lair of Beasts
  7880 | Lair:1   | Noticed Gastronok
  8305 | D:8      | Reached skill level 1 in Necromancy
  8392 | Lair:1   | Reached skill level 1 in Translocations
  8611 | Lair:1   | Noticed Prince Ribbit
  8630 | Lair:1   | Noticed a cane toad
  8656 | Lair:1   | Killed a cane toad
  8657 | Lair:1   | Reached skill level 5 in Spellcasting
  8829 | D:9      | Noticed Joseph
  8837 | D:9      | Killed Joseph
  9162 | D:8      | Bought a book of Vapours for 338 gold pieces
  9257 | Lair:1   | Reached XP level 11. HP: 72/72 MP: 19/19
  9269 | Lair:1   | Learned a level 5 spell: Freezing Cloud
  9457 | Lair:1   | Killed Prince Ribbit
  9910 | Lair:1   | Reached skill level 6 in Spellcasting
  9910 | Lair:1   | Noticed Amaemon
  9947 | Lair:1   | Killed Amaemon
 10089 | Lair:1   | Reached skill level 5 in Ice Magic
 10194 | Lair:1   | Killed Gastronok
 10202 | Lair:1   | Learned a level 2 spell: Mercury Vapours
 10442 | Lair:2   | Found a staircase to the Shoals.
 10650 | Lair:2   | Reached XP level 12. HP: 61/80 MP: 12/21
 10654 | Lair:2   | Noticed a five-headed hydra
 10681 | Lair:2   | Reached skill level 7 in Spellcasting
 10683 | Lair:2   | Killed a five-headed hydra
 10942 | Lair:2   | Noticed a catoblepas
 11261 | Lair:2   | Noticed Fannar
 11488 | Lair:2   | Found a hole to the Spider Nest.
 11514 | Lair:2   | Reached skill level 5 in Alchemy
 11523 | Lair:2   | Reached skill level 5 in Air Magic
 11756 | Lair:2   | Killed a catoblepas
 11857 | Lair:2   | Reached skill level 5 in Conjurations
 12705 | Lair:2   | Killed Fannar
 13179 | D:9      | Reached skill level 5 in Shields
 14197 | D:9      | Reached XP level 13. HP: 86/86 MP: 23/24
 14415 | D:9      | Found a staircase to the Orcish Mines.
 14817 | D:9      | Noticed Psyche
 14824 | D:9      | Killed Psyche
 14879 | D:9      | Learned a level 4 spell: Dispel Undead
 15008 | D:10     | Entered Level 10 of the Dungeon
 15008 | D:10     | Found a radiant altar of Vehumet.
 15425 | D:10     | Found a white marble altar of Elyvilon.
 16156 | Orc:1    | Entered Level 1 of the Orcish Mines
 16156 | Orc:1    | Found a burning altar of Makhleb.
 16878 | D:9      | Bought a +4 ring of protection for 504 gold pieces
 16878 | D:9      | Bought the ring "Ufyibu" {rCorr Int+6 Dex+3} for 768 gold
                  | pieces
 17013 | Lair:2   | Upgraded the game from 0.32-a0-132-g2d33c3cfaf to
                  | 0.32-a0-136-gc02482bde3
 17096 | Lair:3   | Found a runed translucent gate.
 17096 | Lair:3   | Found a runed translucent gate.
 17096 | Lair:3   | Found a runed translucent gate.
 17097 | Lair:3   | Noticed Viapecw's ghost (journeyman TrBe)
 17176 | Lair:3   | Reached skill level 8 in Spellcasting
 18748 | Lair:3   | Found a viscous altar of Jiyva.
 18804 | Lair:3   | Reached skill level 9 in Spellcasting
 18988 | Lair:3   | Got Kuisieg's Folio of the Violent Door
 19004 | Lair:3   | Killed Viapecw's ghost
 19005 | Lair:3   | Reached XP level 14. HP: 91/95 MP: 14/27
 19128 | Lair:3   | Learned a level 4 spell: Olgreb's Toxic Radiance
 19398 | Lair:4   | Reached skill level 5 in Necromancy
 19589 | Lair:4   | You fall into a shaft and drop 1 floor!
 19589 | Lair:5   | Entered Level 5 of the Lair of Beasts
 19616 | Lair:5   | Reached skill level 1 in Evocations
 19784 | Lair:5   | Found a dark tunnel.
 19819 | Volcano  | Entered a volcano
 20268 | Volcano  | Found a bloodstained altar of Trog.
 20287 | Volcano  | Noticed a red draconian
 20297 | Volcano  | Killed a red draconian
 20537 | Volcano  | Reached skill level 10 in Dodging
 21141 | Lair:5   | Reached skill level 10 in Spellcasting
 21349 | Lair:5   | Bought the ring of the Charmed God {MP+9 Int+3 Dex+3} for
                  | 712 gold pieces
 21378 | Lair:5   | Found a viscous altar of Jiyva.
 21378 | Lair:5   | Found a staircase to the Slime Pits.
 22151 | Lair:5   | Reached skill level 5 in Fire Magic
 22644 | Lair:5   | Reached skill level 10 in Fighting
 22765 | Lair:5   | Reached XP level 15. HP: 91/103 MP: 29/29
 22914 | Lair:5   | Reached skill level 11 in Spellcasting
 23339 | Lair:5   | Found a corrupted altar of Lugonu.
 23339 | Lair:5   | Found a one-way gate to the infinite horrors of the Abyss.
 23776 | Orc:2    | Entered Level 2 of the Orcish Mines
 23777 | Orc:2    | Noticed Josephine
 24209 | Orc:2    | Killed Josephine
 24273 | Orc:2    | Noticed Saint Roka
 24285 | Orc:2    | Killed Saint Roka
 24650 | Orc:2    | Found Igeomok's Magic Scroll Shoppe.
 24693 | Orc:2    | Found Maimm's Magic Scroll Emporium.
 24837 | D:8      | Bought a book of Dreams for 312 gold pieces
 24841 | D:8      | Learned a level 3 spell: Fugue of the Fallen
 24844 | D:8      | Learned a level 2 spell: Scorch
 25027 | Orc:2    | Bought a scroll of identify for 22 gold pieces
 25027 | Orc:2    | Bought a scroll of identify for 22 gold pieces
 25027 | Orc:2    | Bought a scroll of identify for 22 gold pieces
 25027 | Orc:2    | Bought a scroll of identify for 22 gold pieces
 25034 | Orc:2    | Bought a scroll of identify for 30 gold pieces
 25034 | Orc:2    | Bought a scroll of identify for 30 gold pieces
 25190 | Orc:2    | Noticed Urug
 25200 | Orc:2    | Killed Urug
 25315 | Orc:2    | Found a staircase to the Elven Halls.
 26102 | Orc:2    | Reached skill level 12 in Spellcasting
 26115 | Orc:2    | Found Peabim's Book Shop.
 26115 | Orc:2    | Found Xaciusk's Antique Weapon Boutique.
 26214 | Orc:2    | Found a one-way gate leading to the halls of Pandemonium.
 26224 | Orc:2    | Bought a book of Minor Magic for 192 gold pieces
 26227 | Orc:2    | Learned a level 2 spell: Blink
 26787 | D:11     | Found a basalt altar of Yredelemnul.
 27539 | D:12     | Noticed Kirke
 27546 | D:12     | Killed Kirke
 27859 | D:12     | Identified the ring "Sixolor" {MP+9 Str-2 Dex+9}
 28695 | D:13     | Reached XP level 16. HP: 113/113 MP: 32/32
 28831 | D:13     | Reached skill level 5 in Short Blades
 28838 | D:13     | Reached skill level 10 in Necromancy
 28951 | D:13     | Found a gate to the Vaults.
 29522 | D:14     | Learned a level 3 spell: Vampiric Draining
 29566 | D:14     | Reached skill level 13 in Spellcasting
 30258 | D:14     | Found a hazy altar of Hepliaklqana.
 30418 | D:15     | Entered Level 15 of the Dungeon
 30931 | D:15     | Found a staircase to the Depths.
 31244 | D:15     | Reached skill level 5 in Long Blades
 31247 | D:15     | Found the +9 sword of Zonguldrok {reap}
 31247 | D:15     | Noticed a bone dragon
 31258 | D:15     | Killed a bone dragon
 31746 | Spider:1 | Entered Level 1 of the Spider Nest
 31761 | Spider:1 | Reached XP level 17. HP: 113/121 MP: 34/34
 32438 | Spider:1 | Reached skill level 14 in Spellcasting
 34263 | Spider:1 | Upgraded the game from 0.32-a0-136-gc02482bde3 to
                  | 0.32-a0-163-g159c032296
 34611 | Shoals:1 | Entered Level 1 of the Shoals
 34624 | Shoals:1 | Noticed Louise
 34632 | Shoals:1 | Killed Louise
 34904 | Shoals:1 | Noticed Mlioglotl
 34915 | Shoals:1 | Identified the serpent talisman of Makhleb's Pride {rC-
                  | Will+ rCorr SInv}
 34915 | Shoals:1 | Noticed Aizul
 34940 | Shoals:1 | Killed Aizul
 35419 | Shoals:1 | Noticed a tentacled starspawn
 35419 | Shoals:1 | Killed Mlioglotl
 35442 | Shoals:1 | Learned a level 5 spell: Irradiate
 35757 | Shoals:1 | Noticed a kraken
 35770 | Shoals:1 | Killed a kraken
 36021 | Shoals:2 | Noticed Polyphemus
 37240 | Spider:1 | Reached XP level 18. HP: 128/130 MP: 36/36
 37826 | Spider:2 | Reached skill level 5 in Translocations
 37970 | Spider:2 | Reached skill level 15 in Spellcasting
 38905 | Lair:5   | Bought a ring of poison resistance for 360 gold pieces
 39630 | Spider:2 | Reached skill level 1 in Earth Magic
 40158 | Spider:3 | Identified the +3 trident "Keokottu" {freeze, Dex+2}
 40300 | Spider:3 | Reached skill level 15 in Dodging
 41024 | Spider:4 | Entered Level 4 of the Spider Nest
 41707 | Spider:4 | Found a runed translucent gate.
 41707 | Spider:4 | Found a runed translucent gate.
 41709 | Spider:4 | Found a runed translucent gate.
 41711 | Spider:4 | Noticed Neisk's ghost (adept MiBe)
 41954 | Spider:4 | Reached skill level 16 in Spellcasting
 42507 | Spider:4 | Got a gossamer rune of Zot
 42522 | Spider:4 | Identified the +4 pair of boots of Entitlement {+Blink}
 42534 | Spider:4 | Reached XP level 19. HP: 126/138 MP: 39/39
 43234 | Shoals:2 | Killed Polyphemus
 43518 | Shoals:3 | Found Xareor's Antique Armour Shoppe.
 43543 | Shoals:3 | Reached skill level 15 in Fighting
 44633 | Shoals:4 | Entered Level 4 of the Shoals
 45860 | Shoals:4 | Got a barnacled rune of Zot
 45951 | Shoals:4 | Reached skill level 17 in Spellcasting
 46830 | D:9      | Learned a level 5 spell: Lee's Rapid Deconstruction
 46832 | D:9      | Bought a manual of Throwing for 1600 gold pieces
 46929 | Vaults:1 | Entered Level 1 of the Vaults
 47370 | Vaults:1 | Reached skill level 5 in Earth Magic
 47802 | Vaults:1 | Reached XP level 20. HP: 146/146 MP: 40/41
 48961 | Vaults:2 | Noticed Mara
 49533 | Vaults:2 | Noticed Norris
 49553 | Vaults:2 | Killed Norris
 50292 | Vaults:2 | Reached skill level 18 in Spellcasting
 50375 | Vaults:2 | Noticed Esekla's illusion
 50377 | Vaults:2 | Killed Mara
 51099 | Vaults:3 | Found Betamaiz's Antique Armour Shop.
 51809 | Vaults:3 | Noticed Xtahua
 51998 | Vaults:3 | Reached XP level 21. HP: 152/152 MP: 43/43
 52445 | Vaults:3 | Found a staircase to the Crypt.
 52466 | Vaults:3 | Reached skill level 10 in Ice Magic
 52880 | Vaults:3 | Killed Xtahua
 53883 | Vaults:4 | Reached skill level 19 in Spellcasting
 54559 | Vaults:4 | Upgraded the game from 0.32-a0-163-g159c032296 to
                  | 0.32-a0-172-gc5dd13f2a7
 54912 | Crypt:1  | Entered Level 1 of the Crypt
 55280 | Orc:2    | Bought a book of Flames for 336 gold pieces
 55285 | Orc:2    | Learned a level 4 spell: Sticky Flame
 55684 | Crypt:1  | Reached skill level 10 in Air Magic
 55867 | Crypt:1  | Identified the +7 trident "Globulus" {heavy, rC++ MP+9
                  | Int+3 Dex-2}
 56717 | Crypt:2  | Noticed a dread lich
 56780 | Crypt:2  | Killed a dread lich
 57960 | Crypt:2  | Reached XP level 22. HP: 154/155 MP: 45/45
 58193 | Crypt:3  | Entered Level 3 of the Crypt
 59248 | Crypt:3  | Reached skill level 5 in Throwing
 59938 | Crypt:3  | Found a basalt altar of Yredelemnul.
 60507 | Crypt:3  | Reached skill level 20 in Spellcasting
 61065 | Crypt:3  | Found a staircase to the Tomb.
 61408 | Crypt:3  | Noticed a profane servitor
 61415 | Crypt:3  | Killed a profane servitor
 61467 | Crypt:3  | Got the Dissertation on Ouranomancy
 61469 | Crypt:3  | Got the Compilation of Diablerie
 61470 | Crypt:3  | Identified the +5 mace of Mutilation {holy, +Blink Fly rC+
                  | Str-5}
 61888 | Crypt:3  | Got Ydwulae's Teachings on Rot
 61984 | Crypt:3  | Learned a level 7 spell: Ozocubu's Refrigeration
 62436 | Elf:1    | Entered Level 1 of the Elven Halls
 64246 | Elf:2    | Reached XP level 23. HP: 163/163 MP: 47/47
 64258 | Elf:2    | Found a runed translucent gate.
 64258 | Elf:2    | Found a runed translucent gate.
 64258 | Elf:2    | Found a runed translucent gate.
 65375 | Elf:3    | Entered Level 3 of the Elven Halls
 66637 | Elf:3    | Found Haiproghotz's Distillery.
 67450 | Elf:3    | Reached skill level 21 in Spellcasting
 67973 | Elf:3    | Got the Essays on Shades
 67978 | Elf:3    | Identified the staff of Ferocious Prudence {SInv Conj}
 67979 | Elf:3    | Identified the staff of Dullness {Stlth+ Summ Earth}
 67989 | Elf:3    | Identified the +1 falchion of the Vendetta {flame, Int+2
                  | Dex+2 Stlth+}
 67990 | Elf:3    | Identified the +1 short sword of Eminent Domain {flame,
                  | rC+}
 68029 | Elf:3    | Identified the ring "Toerira" {+Blink rPois rF- Int+3}
 68040 | Elf:3    | Identified the ring of Sloth {rElec rF+}
 68049 | Elf:3    | Got Sif Muna's Omnibus of Portents and Creation
 68055 | Elf:3    | Identified the +2 flail "Damarr" {flame, rCorr}
 68071 | Elf:3    | Identified the staff "Noehud" {^Fragile rPois rF+ rC+ Ice}
 68633 | Depths:1 | Entered Level 1 of the Depths
 68914 | Depths:1 | Found a runed translucent door.
 68914 | Depths:1 | Found a shimmering altar of Xom.
 68914 | Depths:1 | Noticed Nenuxulire's ghost (veteran GnWn)
 69009 | Depths:1 | Reached skill level 10 in Earth Magic
 69126 | Depths:1 | Noticed Bai Suzhen
 69184 | Depths:1 | Found a gateway to Hell.
 69777 | Depths:1 | Killed Bai Suzhen
 70002 | Depths:2 | Found a one-way gateway to a ziggurat.
 70666 | Depths:1 | Reached skill level 15 in Stealth
 70748 | Depths:2 | Reached XP level 24. HP: 161/170 MP: 48/48
 71383 | Depths:2 | Found a radiant altar of Vehumet.
 72049 | Depths:2 | Identified the amulet "Wyofeg" {Reflect Rampage rF- rC+
                  | MP+9 SH+5}
 72090 | Depths:2 | Identified the ring "Docvylodd" {rPois rC++ rCorr MP+9
                  | Dex-2}
 72207 | Depths:2 | Identified the +6 short sword "Osumipai" {flame, rF+ rC+
                  | Int+4 Dex+3}
 72750 | Depths:2 | Found Doapn's Armour Shoppe.
 73182 | Depths:2 | Reached skill level 22 in Spellcasting
 73502 | D:15     | Upgraded the game from 0.32-a0-172-gc5dd13f2a7 to
                  | 0.32-a0-290-g598725c5f2
 75352 | D:15     | Bought a twisted bone ring for 175 gold pieces
 75363 | D:15     | Bought the ring of Terghoev {rPois AC+4 SInv} for 976 gold
                  | pieces
 75370 | D:15     | Bought a brightly glowing dagger for 224 gold pieces
 75370 | D:15     | Identified the +6 dagger "Bawnit" {heavy, ^Drain rF+ Int+5}
                  | (You bought it in a shop on level 15 of the Dungeon)
 75370 | D:15     | Bought a bone trident for 272 gold pieces
 75370 | D:15     | Identified the +8 trident of Hikhlumiz {flame, Fly rF+
                  | Int+6} (You bought it in a shop on level 15 of the Dungeon)
 75370 | D:15     | Bought a runed long sword for 208 gold pieces
 75595 | Slime:1  | Entered Level 1 of the Pits of Slime
 76320 | Slime:2  | HP: 3/170 [rockslime (40)]
 76320 | Slime:2  | Demolished by a rockslime

Illustrated notes

Levels and vault maps discovered:
D:1:      dpeg_arrival_simpleton_c, layout_basic
D:2:      layout_loops_ring, uniq_crazy_yiuf_cottage
D:3:      layout_basic, eat_drink_and_be_merry_uskayaw,
          chequers_temple_overflow_statue_of_worship
D:4:      layout_basic, kennysheep_slug_shrine, mainiacjoe_overflow_alcove_1,
          dk_yredelemnul_ordeal, serial_glass, glass_columns_c, glass_columns_b,
          hangedman_decor_diamond_cutter
D:5:      layout_basic, nzn_wu_jian_council_hall,
          minmay_temple_entry_sparse_star, serial_shops, shop,
          minmay_misc_feat_secret_circle
D:6:      layout_loops_cross, nicolae_ru_awakened_eye,
          mainiacjoe_overflow_paths, grunt_ministairs_1, uniq_blork_the_orc
D:7:      layout_rooms, nicolae_overflow_two_pavilions, minmay_chambers_of_fives
D:8:      layout_basic, bloody_makhleb, lemuel_round_altar,
          erik_lair_orcish_takeover, kennysheep_diamond, uniq_grum
D:9:      layout_basic, kennysheep_orc_monster_closet_entryway,
          amcnicky_mini_rare_corridor_liquid,
          einodemon_armed_red_devil_minivault, uniq_psyche, uniq_joseph
D:10:     layout_stronghold, nicolae_elyvilon_temple_path,
          mainiacjoe_overflow_cross_hatched, lightli_wizard_tower
D:11:     layout_cave_pods, yredelemnul_altar_generic
D:12:     layout_basic, uniq_kirke
D:13:     layout_roguey, skrybe_vaults_entry_preservation
D:14:     layout_loops_corners, nzn_hepliaklqana_mist_gate
D:15:     hellmonk_depths_entry_around_the_bend, layout_basic,
          minmay_guarded_unrand_zonguldrok
Temple:   nicolae_temple_stand_before_the_council
Lair:1:   layout_small_grid, uniq_gastronok, uniq_prince_ribbit2, uniq_amaemon
Lair:2:   lemuel_reptile_caves, layout_concentric_octagons,
          elwin_shoals_entry_rocks, hellmonk_spider_entry_not_the_bees,
          special_room [special_room_bee], serial_bayou_pond_c,
          serial_bayou_ford_a, chequers_serial_rivers_micro_b, st_stairs_13,
          serial_bayou_shore_b, uniq_fannar
Lair:3:   layout_regular_city, gammafunk_ghost_ooze, minmay_lindwurm_lava,
          serial_bayou_shore_b
Lair:4:   layout_cave_pods, serial_rivers, chequers_serial_rivers_small_3,
          chequers_serial_rivers_micro_d, chequers_serial_rivers_micro_d,
          chequers_serial_rivers_micro_e, grunt_megastairs_1,
          infiniplex_staircase_pool_2, serial_bayou_shore_a
Lair:5:   hellmonk_lair_end_abyssal_woods, layout_hall_layers,
          dpeg_slime_entry_enclosed, nicolae_volcano_entry_hallway,
          infiniplex_staircase_pool
Shoals:1: layout_shoals, nicolae_shoals_lost_giant_amphitheater, ldierk_geyser,
          uniq_aizul, uniq_louise, uniq_mlioglotl
Shoals:2: layout_shoals, abandoned_shop, uniq_polyphemus
Shoals:3: layout_shoals, serial_shops, nicolae_shop_pleasant_corner_grove
Shoals:4: shoals_end_hangedman, layout_shoals
Spider:1: spider_temple_joshua
Spider:2: layout_spider_delve
Spider:3: layout_cave_pods
Spider:4: grunt_spider_rune_island, gammafunk_ghost_split
Slime:1:  layout_caves
Slime:2:  layout_caves
Orc:1:    layout_caves, basic_altar, nicolae_orc_lost_temple
Orc:2:    pf_orc_diabolical, layout_caves, uniq_urug, uniq_josephine,
          uniq_saint_roka
Elf:1:    nicolae_elf_arrival_no_cutting_in_line, layout_geoelf_octagon,
          nicolae_elf_shapeshifter_party, st_stairs_11, drop_trap,
          minmay_misc_feat_columns
Elf:2:    elven_hall_of_blades_hangedman_original [nicolae_blade_lattice],
          layout_geoelf_octagon
Elf:3:    minmay_elf_hall, layout_geoelf_castle, serial_shops,
          nicolae_shop_gibbet_a_chance
Vaults:1: ontoclasm_vaults_eye, nicolae_vaults_stairing_the_circle, v_misc_22,
          nicolae_vaults_tetromino_L_2, nicolae_vaults_offset_grid_hallway_2,
          v_pattern_1, nicolae_vaults_three_branches, vaults_room_corners,
          ontoclasm_vaults_hangar, vaults_mumra_hex, grunt_vaults_focal,
          layout_vaults_ring
Vaults:2: nicolae_vaults_storage_closets_3, nicolae_vaults_diamond_2,
          v_alt_pattern_4, nicolae_vaults_statue_guard,
          vaults_room_stairs_pillars, nicolae_vaults_house_1,
          vaults_room_semicircle, ontoclasm_vaults_tryst,
          layout_vaults_omnigrid, uniq_norris, uniq_mara
Vaults:3: v_misc_31, nicolae_vaults_storage_closets_1, hangedman_vaults_nails,
          v_misc_17, vaults_room_large_hall, nicolae_vaults_network_quincunx
          [nicolae_vaults_network_quincunx_subvault,
          nicolae_vaults_network_quincunx_subvault,
          nicolae_vaults_network_quincunx_subvault,
          nicolae_vaults_network_quincunx_subvault,
          nicolae_vaults_network_quincunx_subvault], vaults_dpeg_hooks,
          v_misc_9, nicolae_vaults_trapezoid_1, nicolae_vaults_yaktaur_gun_rack,
          minmay_crypt_entry_simple_sparse, nicolae_vaults_diffraction_hallways,
          nicolae_vaults_storage_room_doors, layout_vaults_omnicross,
          serial_shops, shop, uniq_xtahua
Vaults:4: v_misc_5, nicolae_vaults_shipping_containers_1,
          nicolae_vaults_stepped_doors, v_misc_15, hangedman_vaults_trim,
          nicolae_vaults_ring_of_whatevers, nicolae_vaults_layer_cake_slice,
          grunt_vaults_swirl, ontoclasm_vaults_chip, v_misc_14, v_misc_29,
          vaults_dpeg_cross, layout_vaults_maze
Crypt:1:  layout_misc_corridors
Crypt:2:  layout_catacombs
Crypt:3:  evilmike_haunted_forest
Depths:1: layout_gridlike, pf_vacation_house_of_asmodeus, ebering_ghost_xom,
          statue_in_the_mist_lemuel, nicolae_the_louvre, uniq_bai_suzhen
Depths:2: regret_index_all_hallows'_manor, layout_basic, enter_ziggurat_a,
          nicolae_vehumet_altar_sigil, rand_demon_pan_entry_8,
          pf_hell_entry_tar_river, serial_shops, shop, serial_bayou_shore_b
Depths:3: minmay_the_grid_3x3 [minmay_the_grid_eight, minmay_the_grid_embedded,
          minmay_the_grid_x, minmay_the_grid_odd_star, minmay_the_grid_mess,
          minmay_the_grid_dragon_b, minmay_the_grid_pillar_ring,
          minmay_the_grid_medium_cups, minmay_the_grid_prize_inner_circle],
          layout_cave_pools, grunt_mini_vestibule, abyss_entry, firewood_loft,
          minmay_staircase_bubble

Skill      XL: |  1  2  3  4  5  6  7  8  9 10 11 12 13 14 15 16 17 18 19 20 21 22 23 24 |
---------------+-------------------------------------------------------------------------+-----
Stealth        | 7 8 9 10 11 12 13 14 15 | 15.1
Spellcasting   | 1 2 3 4 5 6 7 9 10 12 13 14 16 17 18 19 20 21 22 | 22.7
Conjurations   | 1 2 3 4 5 6 7 |  7.3
Air Magic      | 1 2 3 4 5 6 7 8 9 10 11 12 | 12.8
Alchemy        | 1 2 3 4 5 6 7 8 9 |  9.1
Short Blades   | 1 2 3 4 5 |  5.5
Dodging        | 3 4 5 6 7 8 9 10 11 13 14 15 16 17 | 17.7
Shields        | 1 2 3 5 |  5.1
Fighting       | 4 5 6 7 8 10 11 12 13 14 15 | 15.4
Ice Magic      | 1 3 4 5 6 7 8 9 10 11 12 13 | 13.0
Throwing       | 1 2 4 5 6 |  6.3
Fire Magic     | 1 2 4 5 6 7 8 |  8.2
Necromancy     | 2 3 4 7 9 11 13 14 | 14.1
Translocations | 2 3 4 5 6 7 8 |  8.0
Long Blades    | 3 4 5 6 7 8 |  8.7
Evocations     | 1 |  1.3
Earth Magic    | 2 5 6 8 9 10 11 | 11.3

Action                     |  1- 3 |  4- 6 |  7- 9 | 10-12 | 13-15 | 16-18 | 19-21 | 22-24 || total
---------------------------+-------+-------+-------+-------+-------+-------+-------+-------++-------
  Melee: Falchion          |    32 |     8 |     8 |       |   185 |   118 |       |     3 ||   354
         Constrict         |    13 |    20 |    22 |    71 |    64 |    83 |    93 |   115 ||   481
         Tentacles         |     9 |    25 |    44 |   139 |   137 |   203 |   168 |   275 ||  1000
         Punch             |     4 |     3 |    12 |    52 |    60 |    77 |       |       ||   208
         Dagger            |    18 |    92 |   141 |   451 |   189 |   100 |    91 |    67 ||  1149
         Long sword        |       |       |       |       |    70 |   357 |   345 |   611 ||  1383
         Spear             |       |       |       |       |     1 |       |       |       ||     1
         Staff             |       |       |       |       |       |       |       |     3 ||     3
  Throw: Dart              |       |     4 |    32 |    14 |    30 |    22 |    26 |    44 ||   172
         Boomerang         |       |       |     5 |     4 |   135 |    25 |    38 |   138 ||   345
   Cast: Ozocubu's Armour  |       |       |    15 |    36 |    70 |    93 |    72 |   113 ||   399
         Mephitic Cloud    |       |       |    10 |    29 |    33 |    16 |    34 |    11 ||   133
         Ignite Poison     |       |       |     2 |    42 |    77 |    88 |   108 |   105 ||   422
         Freezing Cloud    |       |       |       |     6 |    54 |     9 |    39 |    24 ||   132
         Mercury Vapours   |       |       |       |    11 |    42 |    68 |    91 |    80 ||   292
         Apportation       |       |       |       |       |   146 |   219 |   253 |   335 ||   953
         Dispel Undead     |       |       |       |       |    17 |    14 |    45 |   124 ||   200
         Iskenderun's Myst |       |       |       |       |     5 |     1 |     1 |     8 ||    15
         Olgreb's Toxic Ra |       |       |       |       |    66 |   110 |    86 |    69 ||   331
         Fugue of the Fall |       |       |       |       |     7 |    15 |    10 |     7 ||    39
         Scorch            |       |       |       |       |     4 |    31 |       |       ||    35
         Irradiate         |       |       |       |       |       |    33 |    19 |    37 ||    89
         Blink             |       |       |       |       |       |     6 |     2 |     4 ||    12
         Vampiric Draining |       |       |       |       |       |     3 |     9 |    15 ||    27
         Lee's Rapid Decon |       |       |       |       |       |       |    11 |     3 ||    14
         Sticky Flame      |       |       |       |       |       |       |    18 |   110 ||   128
         Ozocubu's Refrige |       |       |       |       |       |       |       |     3 ||     3
 Invoke: Call Merchant     |       |       |     1 |     1 |     2 |       |     1 |     4 ||     9
  Evoke: Wand              |       |       |       |     2 |     9 |       |     2 |    11 ||    24
    Use: Scroll            |     1 |       |    11 |     7 |    18 |     3 |       |     7 ||    47
         Potion            |       |       |     1 |     3 |     4 |     8 |     5 |     3 ||    24
   Stab: Sleeping          |     6 |    27 |    15 |     9 |    23 |    58 |    48 |    49 ||   235
         Distracted        |       |     1 |       |     4 |     1 |    10 |     8 |    18 ||    42
         Confused          |       |       |     5 |    14 |    10 |     4 |    14 |     6 ||    53
 Armour: Skin              |    17 |    23 |    61 |   176 |   200 |   340 |   217 |   379 ||  1413
  Dodge: Dodged            |    32 |    25 |    79 |   346 |   334 |   982 |   731 |   906 ||  3435
  Block: Other             |     4 |     8 |    24 |       |       |       |       |       ||    36
         Reflection        |       |       |     1 |     3 |    18 |    12 |    19 |    15 ||    68
         Buckler           |       |       |       |   245 |   261 |   648 |   372 |   561 ||  2087

Table legend: (Time is in decaauts)
 A = Elapsed time spent in this place.
 B = Non-inter-level travel time spent in this place.
 C = Inter-level travel time spent in this place.
 D = Time resting spent in this place.
 E = Time spent auto-exploring this place.
 F = Levels seen in this place.
 G = Mean time per level.
                   A        B        C        D        E       F      G
               +--------+--------+--------+--------+--------+-----+--------+
         Total |  79647 |  72465 |   7182 |  22750 |  15402 |  47 | 1694.6 |
       Dungeon |  18926 |  16721 |   2205 |   3820 |   4526 |  15 | 1261.7 |
        Temple |     24 |     12 |     12 |      0 |      0 |   1 |   24.0 |
          Lair |  11123 |   9988 |   1135 |   3534 |   1581 |   5 | 2224.6 |
        Shoals |   6089 |   5717 |    372 |   1502 |   1962 |   4 | 1522.2 |
   Spider Nest |   9456 |   8230 |   1226 |   3042 |   1729 |   4 | 2364.0 |
    Slime Pits |    741 |    741 |      0 |    364 |     21 |   2 |  370.5 |
  Orcish Mines |   3961 |   3156 |    805 |   1356 |    356 |   2 | 1980.5 |
   Elven Halls |   5565 |   5096 |    469 |   1430 |    851 |   3 | 1855.0 |
        Vaults |   8690 |   8130 |    560 |   2426 |   1573 |   4 | 2172.5 |
         Crypt |   6964 |   6691 |    273 |   1960 |   1460 |   3 | 2321.3 |
        Depths |   6893 |   6773 |    120 |   2961 |   1106 |   3 | 2297.7 |
       Volcano |   1209 |   1209 |      0 |    351 |    232 |   1 | 1209.0 |
               +--------+--------+--------+--------+--------+-----+--------+

Top non-repeatable levels by time:
Spider:1: 4964 daAuts
 Crypt:3: 3615 daAuts
Depths:2: 3447 daAuts
     D:9: 3202 daAuts
  Lair:2: 3011 daAuts
   Orc:2: 2772 daAuts
  Lair:5: 2746 daAuts
Vaults:3: 2566 daAuts
 Crypt:2: 2512 daAuts
Vaults:2: 2294 daAuts
Vaults:1: 2166 daAuts
  Lair:1: 2103 daAuts
   Elf:3: 2090 daAuts
Shoals:4: 1869 daAuts
   Elf:2: 1853 daAuts
